 Seeded DCSS version 0.29.1-15-g9cfb28693d (webtiles) character file.

Game seed: 16066991585365409787 (custom seed)

100 hikkokomori the Digger (level 4, 0/24 HPs)
             Began as a Gargoyle Earth Elementalist on Feb 26, 2023.
             Slain by a gnoll
             ... wielding a +0 spear
              (7 damage)
             ... on level 2 of the Dungeon.
             The game lasted 00:02:19 (1767 turns).

hikkokomori the Digger (GrEE)                       Turns: 1767, Time: 00:02:20

Health: 0/24       AC:  6    Str: 12    XL:     4   Next: 74%
Magic:  4/7        EV: 11    Int: 17    God:
Gold:   55         SH:  0    Dex: 10    Spells: 3/7 levels left

rFire   . . .      SeeInvis .   e - staff of earth
rCold   . . .      Faith    .   (no shield)
rNeg    + . .      Spirit   .   a - +1 robe
rPois   ∞          Reflect  .   (no helmet)
rElec   +          Harm     .   (no cloak)
rCorr   .          Rampage  .   (no gloves)
Will    .....                   (no boots)
Stlth   ++........              (no amulet)
HPRegen 0.08/turn               (no ring)
MPRegen 0.10/turn               (no ring)

@: no status effects
A: sickness immunity, AC +3, negative energy resistance 1, electricity
resistance, torment resistance 1, petrification resistance
a: no special abilities


You were on level 2 of the Dungeon.
You visited 1 branch of the dungeon, and saw 2 of its levels.

You collected 55 gold pieces.

Inventory:

Hand Weapons
 h - a +3 short sword of freezing
Armour
 a - a +1 robe (worn)
Magical Staves
 e - a staff of earth (weapon)
Scrolls
 d - a scroll of identify
 f - a scroll of blinking
Potions
 b - a potion of magic
 c - 2 potions of mutation {unknown}
 g - a potion of curing {unknown}
 j - a potion of degeneration
 l - a potion of lignification {unknown}


   Skills:
 - Level 1.5 Dodging
 + Level 4.2 Stealth
 + Level 2.0 Spellcasting
 + Level 0.1 Conjurations
 - Level 0.7 Transmutations
 + Level 5.1 Earth Magic


You had 3 spell levels left.
You knew the following spells:

 Your Spells              Type           Power      Damage    Failure   Level
a - Sandblast             Erth           58%        2d13      2%          1
b - Stone Arrow           Conj/Erth      32%        3d9       19%         3

Your spell library contained the following spells:

 Spells                   Type           Power      Damage    Failure   Level
 Passwall                 Tmut/Erth      14%        N/A       9%          2
 Petrify                  Tmut/Erth      17%        N/A       50%         4


Dungeon Overview and Level Annotations

Branches:
Dungeon (2/15)

Altars:
Kikubaaqudgha


Innate Abilities, Weirdness & Mutations

You are immune to sickness and miasma.
Your stone body is resilient. (AC +3)
You are immune to poison.
You resist negative energy. (rN+)
You are resistant to electric shocks. (rElec)
You are resistant to unholy torment.
You are immune to petrification.


Message History

Blink to where?
Press: ? - help, Dir - move target, p - gnoll
As you read the scroll labelled ICZAUZ CE ZUCW, it crumbles to dust.
It was a scroll of blinking.
As you read the scroll labelled FOXTASEPSA, it crumbles to dust.
It is a scroll of identify.
j - a potion of degeneration
As you read the scroll labelled CAUQETEDOMM, it crumbles to dust.
It is a scroll of enchant weapon.
Your +2 short sword of freezing glows red for a moment.
As you read the scroll labelled JEINU HOMPIOHO, it crumbles to dust.
You hear the tinkle of a tiny bell.
It was a scroll of butterflies.
As you read the scroll labelled CUZATT LYMISS, it crumbles to dust.
It is a scroll of enchant armour.
Your +0 robe glows green for a moment.
You swap places.
You swap places.
Something barely misses your butterfly.
Something closely misses your butterfly.
Something hits your butterfly!
Your butterfly dies!
Your butterfly disappears in a burst of colours!
The gnoll hits your butterfly with a +0 spear!
Your butterfly dies!
Your butterfly disappears in a burst of colours!
The gnoll hits your butterfly with a +0 spear.
Your butterfly dies!
Your butterfly disappears in a burst of colours!
The gnoll hits your butterfly with a +0 spear.
Your butterfly dies!
Your butterfly disappears in a burst of colours!
The gnoll hits your butterfly with a +0 spear.
Your butterfly dies!
Your butterfly disappears in a burst of colours!
The gnoll misses your butterfly.
The gnoll closely misses your butterfly.
The gnoll completely misses your butterfly.
You swap places.
The gnoll barely misses you.
The gnoll hits you from afar with a +0 spear!
You die...

######........ .l#
#.####### #g#
#.##### #g# #.....#
#.# #.....# #§#
######.###### #.#
8.. #.#...8#### #.#
###.##_##.###b.# #.#
#...........##@###.#
#.#.......#^#.bgb#.#
#8^.......^.#.b#g#)#
####.....#######...#
#.###.##.# ###.#
#........# #.#
##.####### #.# #.##
#.# #####.<# #.#


You could see 2 gnolls.

Vanquished Creatures
  5 gnolls (D:2)
  An adder (D:2)
  A worm (D:2)
  A dart slug (D:2)
  3 bats
  5 endoplasms
  2 giant cockroaches
  4 hobgoblins
  3 quokkas (D:1)
  3 ball pythons
  2 frilled lizards
  5 goblins
  A kobold (D:1)
  3 rats (D:1)
39 creatures vanquished.

Notes
Turn   | Place    | Note
-------+----------+-------------------------------------------
     0 | D:1      | hikkokomori the Gargoyle Earth Elementalist began the quest
                  | for the Orb.
     0 | D:1      | Reached XP level 1. HP: 10/10 MP: 3/3
   348 | D:1      | Reached skill level 4 in Earth Magic
   348 | D:1      | Reached XP level 2. HP: 15/15 MP: 0/5
   941 | D:1      | Reached XP level 3. HP: 19/19 MP: 4/6
  1042 | D:1      | Found an ancient bone altar of Kikubaaqudgha.
  1204 | D:2      | Reached XP level 4. HP: 15/24 MP: 3/7
  1471 | D:2      | Reached skill level 5 in Earth Magic
  1538 | D:2      | Found a faded altar of an unknown god.
  1635 | D:2      | Learned a level 3 spell: Stone Arrow
  1767 | D:2      | Slain by a gnoll

Illustrated notes

Levels and vault maps discovered:
D:1:      dpeg_arrival_water_altar, layout_rooms, ebering_dispersal_statue_hall
D:2:      layout_basic, shapermc_ecumenical_altar_mp_highgroup, serial_shops,
          nicolae_shop_behind_doors

Skill      XL: |  1  2  3  4 |
---------------+-------------+-----
Earth Magic    | 4 5 |  5.1
Stealth        | 3 4 |  4.2
Dodging        | |  1.5
Spellcasting   | |  2.0
Conjurations   | |  0.1
Transmutations | |  0.7

Action                   |  1- 3 |  4- 6 || total
-------------------------+-------+-------++-------
Melee: Staff             |     6 |       ||     6
 Cast: Sandblast         |    37 |    16 ||    53
  Use: Scroll            |       |     5 ||     5
Armor: Robe              |     6 |     3 ||     9
Dodge: Dodged            |     7 |     6 ||    13
